 Dungeon Crawl Stone Soup version 0.15-a0-1224-g3833f9c (webtiles) character file.

104 PollyEsther the Cudgeler (level 4, 8/35 HPs)
             Began as a Demonspawn Berserker on June 2, 2014.
             Was a Believer of Trog.
             Quit the game on Level 4 of the Dungeon.
             The game lasted 00:17:29 (1768 turns).

PollyEsther the Cudgeler (Demonspawn Berserker)     Turns: 1768, Time: 00:17:29

HP   8/35        AC  8     Str 18      XL: 4   Next: 52%
MP   4/4         EV 10     Int  9      God: Trog [**....]
Gold 46          SH  0     Dex 12      Spells:  0 memorised,  3 levels left

rFire  . . .     SeeInvis .     c - -1,-3 whip (curse)
rCold  + . .     Clarity  .     j - +0 ring mail
rNeg   . . .     rCorr    .     (no shield)
rPois  .         rRot     .     (no helmet)
rElec  .         Spirit   .     (no cloak)
SustAb .         Warding  .     m - +0 pair of gloves
rMut   .         Stasis   .     (no boots)
Gourm  .                        (no amulet)
MR     .....                    (no ring)
                                (no ring)

@: confused, exhausted, slowed, very slow, not resistant to hostile
enchantments, extremely unstealthy
A: yellow scales 1, cold resistance 1
a: Burn Spellbooks, Berserk, Trog's Hand, Renounce Religion


You were on level 4 of the Dungeon.
You worshipped Trog.
Trog was pleased with you.
You were not hungry.

You visited 1 branch of the dungeon, and saw 4 of its levels.

You collected 46 gold pieces.

Inventory:

Hand weapons
 b - a +3,+5 mace of crushing
 c - a cursed -1,-3 whip (weapon)
 l - a +0,+0 dagger of freezing
 n - a +0,+0 sling
Missiles
 d - 36 stones (quivered)
Armour
 e - a +0 chain mail
 j - a +0 ring mail (worn)
 m - a +0 pair of gloves (worn)
Magical devices
 a - a wand of fire (8)
Comestibles
 f - 4 chunks of orc flesh
 k - 2 meat rations
Scrolls
 h - a scroll of teleportation {unknown}
 r - a scroll of identify {unknown}
Potions
 g - 2 potions of curing
 i - a potion of brilliance {unknown}
 o - 2 potions of heal wounds {unknown}
 q - a potion of might {unknown}


   Skills:
 - Level 3.2 Fighting
 + Level 4.3 Maces & Flails
 + Level 2.1 Armour
 + Level 2.1 Dodging


You had 3 spell levels left.
You didn't know any spells.

Dungeon Overview and Level Annotations

Branches:
Dungeon (4/15)
 Temple: D:4-7

Altars:

Annotations:
D:4 Natasha


Innate Abilities, Weirdness & Mutations

You are partially covered in yellow scales (AC +2).
Your flesh is cold resistant.


Message History

Natasha claws you. Natasha casts a spell at you.
The ball explodes into a vile cloud!
The stinking cloud engulfs you!
The stinking cloud engulfs Natasha.
You are engulfed in noxious fumes.
You choke on the stench!
You are confused.
Natasha claws you!
You are engulfed in noxious fumes.
You choke on the stench!
You are more confused.
Natasha claws you!
* * * LOW HITPOINT WARNING * * *
You are engulfed in noxious fumes.
You choke on the stench!
You are more confused.
* * * LOW HITPOINT WARNING * * *
Natasha casts a spell at you. You resist.
You can move again.
Assign waypoint to what number? (0-9)
Okay, then.
Are you sure you want to abandon this character and quit the game? (Confirm with "yes".)

########h# #)# #.#
#.# #.#
###########.#####
#.......h.......#
##.#########.###.#
#..h@§.......#
#..###########
#... #..#. ##.##.
[.. .. ... .. ..⌠
...


You could see Natasha.

Vanquished Creatures
  Terence (D:2)
  4 adders
  A giant mite (D:1)
  2 giant geckos
  3 oozes (D:1)
  An orc (D:4)
  5 bats
  2 giant cockroaches
  2 hobgoblins (D:1)
  2 jackals (D:1)
  2 giant newts
  6 goblins
  3 kobolds (D:1)
  A quokka (D:2)
  10 rats
45 creatures vanquished.

Notes
Turn   | Place    | Note
--------------------------------------------------------------
     0 | D:1      | PollyEsther, the Demonspawn Berserker, began the quest for the Orb.
     0 | D:1      | Reached XP level 1. HP: 18/18 MP: 1/1
   103 | D:1      | Gained mutation: Your flesh is cold resistant. [demonic ancestry]
   103 | D:1      | Reached XP level 2. HP: 21/24 MP: 2/2
   420 | D:1      | Acquired Trog's second power
   652 | D:1      | Reached XP level 3. HP: 18/29 MP: 3/3
  1092 | D:2      | Reached skill level 4 in Maces & Flails
  1434 | D:2      | Noticed Terence
  1438 | D:2      | Killed Terence
  1438 | D:2      | Gained mutation: You are partially covered in yellow scales (AC +2). [demonic ancestry]
  1438 | D:2      | Reached XP level 4. HP: 35/35 MP: 4/4
  1701 | D:4      | Noticed Natasha
  1768 | D:4      | Quit the game

Action                   |  1- 3 |  4- 6 || total
-------------------------+-------+-------++-------
Melee: Mace              |   140 |    20 ||   160
       Whip              |       |    35 ||    35
Throw: Stone             |     5 |       ||     5
Invok: Berserk           |     2 |     1 ||     3
Evoke: Wand              |       |     1 ||     1
  Use: Scroll            |     4 |       ||     4
       Potion            |       |     1 ||     1
